BR (22 & UNDER)
ALABAMA SHAKES @ CORONADO ECLIPSE
10/09/2030
 
TOP OF THE 1ST
Alabama Shakes batting - Pitching for Coronado Eclipse : RHP Robbie Martin
Pitching: RHP Robbie Martin
Batting: RHB Mario Rodríguez 0-0: Foul Ball, location: 2F
0-1: Called Strike
0-2: Ball
1-2: SOLO HOME RUN (Flyball, 7D), Distance : 399 ft
Batting: RHB Tim Oliver 0-0: Called Strike
0-1: Foul Ball, location: 2F
0-2: Foul Ball, location: 2F
0-2: Ground out 5-3 (Groundball, 56)
Batting: RHB Travis Alexander 0-0: Ball
1-0: Ball
2-0: Ball
3-0: Called Strike
3-1: Called Strike
3-2: Base on Balls
Batting: LHB Edgardo Molina 0-0: Ball
1-0: Called Strike
1-1: Called Strike
1-2: Foul Ball, location: 2F
1-2: Foul Ball, location: 2F
1-2: Strikes out swinging
Batting: RHB Andrés Aguirre 0-0: Ball
1-0: SINGLE (Line Drive, 4MD)
Travis Alexander to second
Runner from 2nd tries for 3rd, SAFE, no throw
Batting: LHB Brett Anderson 0-0: Called Strike
0-1: Foul Ball, location: 2F
0-2: Foul Ball, location: 2F
0-2: Foul Ball, location: 2F
0-2: Ball
1-2: 3-RUN HOME RUN (Flyball, 89XD), Distance : 419 ft
Batting: RHB Darrell McCoy 0-0: Ball
1-0: Swinging Strike
1-1: Ball
2-1: Ball
3-1: Base on Balls
Batting: RHB José Icaza 0-0: Swinging Strike
Passed Ball!
Darrell McCoy to second
0-1: Swinging Strike
0-2: Ball
Wild Pitch!
Darrell McCoy to third
1-2: Strikes out looking
Top of the 1st over - 4 runs, 3 hits, 0 errors, 1 left on base; Alabama 4 - Coronado 0
BOTTOM OF THE 1ST
Coronado Eclipse batting - Pitching for Alabama Shakes : LHP Félix Germán
Pitching: LHP Félix Germán
Batting: RHB Galtero Confalonieri 0-0: Ground out 4-3 (Groundball, 4)
Batting: RHB Ramón Espinoza 0-0: Foul Ball, location: 2F
0-1: Foul Ball, location: 2F
0-2: Ball
1-2: SINGLE (Groundball, 6D)
Batting: RHB Andrés Casillas 0-0: Called Strike
0-1: Swinging Strike
0-2: Ball
1-2: Ball
2-2: Fly out, F8 (Flyball, 8RM)
Batting: RHB Brian Jones 0-0: Swinging Strike
0-1: Ball
1-1: Called Strike
1-2: Fly out, F8 (Flyball, 78M)
Bottom of the 1st over - 0 runs, 1 hit, 0 errors, 1 left on base; Alabama 4 - Coronado 0
TOP OF THE 2ND
Alabama Shakes batting - Pitching for Coronado Eclipse : RHP Robbie Martin
Batting: RHB Roberto Ruíz 0-0: Called Strike
0-1: Hit by Pitch
Batting: RHB Mario Rodríguez 0-0: Ball
Roberto Ruíz steals 2nd base
1-0: Foul Ball, location: 2F
1-1: Called Strike
1-2: Strikes out looking
Batting: RHB Tim Oliver 0-0: Ball
1-0: Ball
2-0: Ball
3-0: Called Strike
3-1: Called Strike
3-2: Base on Balls
Batting: RHB Travis Alexander 0-0: Called Strike
0-1: Ground out 5-3 (Groundball, 56S)
Roberto Ruíz to third
Tim Oliver to second
Batting: LHB Edgardo Molina 0-0: Swinging Strike
0-1: Ball
1-1: Called Strike
1-2: Hit by Pitch
Batting: RHB Andrés Aguirre 0-0: Ball
1-0: Ball
2-0: Called Strike
2-1: Fly out, F6 (Popup, 6M)
Top of the 2nd over - 0 runs, 0 hits, 0 errors, 3 left on base; Alabama 4 - Coronado 0
BOTTOM OF THE 2ND
Coronado Eclipse batting - Pitching for Alabama Shakes : LHP Félix Germán
Batting: SHB José Acevedo 0-0: Called Strike
0-1: Ball
1-1: Foul Ball, location: 2F
1-2: Fly out, F9 (Flyball, 9)
Batting: RHB Vincente Ayala 0-0: Called Strike
0-1: Ball
1-1: Called Strike
1-2: Foul Ball, location: 2F
1-2: Strikes out swinging
Batting: RHB Brandon Smith 0-0: Swinging Strike
0-1: Called Strike
0-2: Ball
1-2: Foul Ball, location: 2F
1-2: Ground out 4-3 (Groundball, 4S)
Bottom of the 2nd over - 0 runs, 0 hits, 0 errors, 0 left on base; Alabama 4 - Coronado 0
TOP OF THE 3RD
Alabama Shakes batting - Pitching for Coronado Eclipse : RHP Robbie Martin
Batting: LHB Brett Anderson 0-0: Ball
1-0: Ball
2-0: Called Strike
2-1: SINGLE (Groundball, 34D)
Batting: RHB Darrell McCoy 0-0: Foul Ball, location: 2F
0-1: Called Strike
0-2: Ground out 4-3 (Groundball, 4M)
Brett Anderson to second
Batting: RHB José Icaza 0-0: Ball
1-0: Fly out, F9 (Flyball, 9LSF)
Batting: RHB Roberto Ruíz 0-0: Called Strike
0-1: Called Strike
0-2: Ball
1-2: Foul Ball, location: 2F
1-2: Ball
2-2: Strikes out swinging
Top of the 3rd over - 0 runs, 1 hit, 0 errors, 1 left on base; Alabama 4 - Coronado 0
BOTTOM OF THE 3RD
Coronado Eclipse batting - Pitching for Alabama Shakes : LHP Félix Germán
Batting: RHB Domingo Salinas 0-0: Called Strike
0-1: Swinging Strike
0-2: Strikes out looking
Batting: LHB Ken Miller 0-0: Ball
1-0: Fly out, F6 (Popup, 6D)
Batting: RHB Galtero Confalonieri 0-0: SINGLE (Flyball, 89S)
Batting: RHB Ramón Espinoza 0-0: Ball
Pickoff Throw to First - Out!
Bottom of the 3rd over - 0 runs, 1 hit, 0 errors, 0 left on base; Alabama 4 - Coronado 0
TOP OF THE 4TH
Alabama Shakes batting - Pitching for Coronado Eclipse : RHP Robbie Martin
Batting: RHB Mario Rodríguez 0-0: Ground out 4-3 (Groundball, 4S)
Batting: RHB Tim Oliver 0-0: Foul Ball, location: 2F
0-1: Called Strike
0-2: Foul Ball, location: 2F
0-2: Strikes out swinging
Batting: RHB Travis Alexander 0-0: Called Strike
0-1: Foul Ball, location: 2F
0-2: Ball
1-2: Fly out, F7 (Flyball, 7D)
Top of the 4th over - 0 runs, 0 hits, 0 errors, 0 left on base; Alabama 4 - Coronado 0
BOTTOM OF THE 4TH
Coronado Eclipse batting - Pitching for Alabama Shakes : LHP Félix Germán
Batting: RHB Ramón Espinoza 0-0: Called Strike
0-1: Foul Ball, location: 2F
0-2: SINGLE (Groundball, 6D)
Batting: RHB Andrés Casillas 0-0: Ball
1-0: Called Strike
1-1: SINGLE (Line Drive, 7S)
Ramón Espinoza to second
Batting: RHB Brian Jones 0-0: Fly out, F5 (Line Drive, 5)
Batting: SHB José Acevedo 0-0: Ball
1-0: Foul Ball, location: 2F
1-1: Swinging Strike
1-2: Ball
2-2: Strikes out swinging
Batting: RHB Vincente Ayala 0-0: Ball
1-0: Ball
2-0: Called Strike
2-1: Fly out, F5 (Flyball, 5D)
Bottom of the 4th over - 0 runs, 2 hits, 0 errors, 2 left on base; Alabama 4 - Coronado 0
TOP OF THE 5TH
Alabama Shakes batting - Pitching for Coronado Eclipse : RHP Robbie Martin
Pitching: RHP Ash Coker
Batting: LHB Edgardo Molina 0-0: Ball
1-0: Called Strike
1-1: Ball
2-1: Ball
3-1: Base on Balls
Batting: RHB Andrés Aguirre 0-0: Ball
1-0: Called Strike
1-1: Foul Ball, location: 2F
1-2: Foul Ball, location: 2F
1-2: Foul Ball, location: 2F
1-2: Ball
2-2: Foul Ball, location: 2F
2-2: Strikes out swinging
Batting: LHB Brett Anderson 0-0: Ball
1-0: Fielders Choice at 2nd, 6-4 (Groundball, 56)
Batting: RHB Darrell McCoy 0-0: Ball
1-0: Foul Ball, location: 2F
1-1: Called Strike
1-2: Ground out 1-3 (Groundball, 15S)
Top of the 5th over - 0 runs, 0 hits, 0 errors, 1 left on base; Alabama 4 - Coronado 0
BOTTOM OF THE 5TH
Coronado Eclipse batting - Pitching for Alabama Shakes : LHP Félix Germán
Batting: RHB Brandon Smith 0-0: Called Strike
0-1: Fly out, F4 (Line Drive, 4M)
Batting: RHB Domingo Salinas 0-0: Ball
1-0: SINGLE (Groundball, 5D)
Batting: LHB Ken Miller 0-0: Foul Ball, location: 2F
0-1: Ball
1-1: Called Strike
Domingo Salinas is caught stealing 2nd base
1-2: Ball
2-2: Fly out, F9 (Flyball, 9LMF)
Bottom of the 5th over - 0 runs, 1 hit, 0 errors, 0 left on base; Alabama 4 - Coronado 0
TOP OF THE 6TH
Alabama Shakes batting - Pitching for Coronado Eclipse : RHP Ash Coker
Batting: RHB José Icaza 0-0: Ball
1-0: Ball
2-0: Ball
3-0: Called Strike
3-1: Fly out, F6 (Line Drive, 6)
Batting: RHB Roberto Ruíz 0-0: Fly out, F8 (Flyball, 89D)
Batting: RHB Mario Rodríguez 0-0: Ball
1-0: Foul Ball, location: 2F
1-1: Ball
2-1: Ball
3-1: Base on Balls
Batting: RHB Tim Oliver 0-0: Called Strike
0-1: Ball
1-1: Ball
2-1: Ball
3-1: Foul Ball, location: 2F
3-2: Fly out, F3 (Popup, 3S)
Top of the 6th over - 0 runs, 0 hits, 0 errors, 1 left on base; Alabama 4 - Coronado 0
BOTTOM OF THE 6TH
Coronado Eclipse batting - Pitching for Alabama Shakes : LHP Félix Germán
Batting: RHB Galtero Confalonieri 0-0: SINGLE (Groundball, 5) (infield hit)
Batting: RHB Ramón Espinoza 0-0: Ball
1-0: Foul Ball, location: 2F
1-1: Called Strike
1-2: SINGLE (Line Drive, 78S)
Galtero Confalonieri to second
Batting: RHB Andrés Casillas 0-0: Ball
1-0: Swinging Strike
1-1: Ground out 5-3 (Groundball, 56S)
Galtero Confalonieri to third
Ramón Espinoza to second
Batting: RHB Brian Jones 0-0: Ball
1-0: Ball
2-0: Called Strike
2-1: Foul Ball, location: 2F
2-2: Strikes out swinging
Batting: SHB José Acevedo 0-0: Called Strike
0-1: Called Strike
0-2: Ball
1-2: TRIPLE (Flyball, 89XD)
Galtero Confalonieri scores
Ramón Espinoza scores
Batting: RHB Vincente Ayala 0-0: Ball
1-0: SINGLE (Groundball, 6MD)
José Acevedo scores
Batting: RHB Brandon Smith 0-0: Ball
1-0: Ball
2-0: Ball
3-0: Called Strike
3-1: Base on Balls
Vincente Ayala to second
Batting: RHB Domingo Salinas 0-0: Called Strike
0-1: Ball
Wild Pitch!
Vincente Ayala to third
Brandon Smith to second
1-1: Ground out 4-3 (Groundball, 4)
Bottom of the 6th over - 3 runs, 4 hits, 0 errors, 2 left on base; Alabama 4 - Coronado 3
TOP OF THE 7TH
Alabama Shakes batting - Pitching for Coronado Eclipse : RHP Ash Coker
Batting: RHB Travis Alexander 0-0: Called Strike
0-1: Ball
1-1: Ball
2-1: Fly out, F8 (Flyball, 8RD)
Batting: LHB Edgardo Molina 0-0: DOUBLE (Flyball, 9LD)
Batting: RHB Andrés Aguirre 0-0: Intentional Walk
Batting: LHB Brett Anderson 0-0: Fielders Choice at 2nd, 6-4 (Groundball, 6)
Edgardo Molina to third
Batting: RHB Darrell McCoy 0-0: Swinging Strike
0-1: Foul Ball, location: 2F
0-2: Ball
1-2: Foul Ball, location: 2F
1-2: Fly out, F8 (Flyball, 89D)
Top of the 7th over - 0 runs, 1 hit, 0 errors, 2 left on base; Alabama 4 - Coronado 3
BOTTOM OF THE 7TH
Coronado Eclipse batting - Pitching for Alabama Shakes : LHP Félix Germán
Batting: LHB Ken Miller 0-0: Called Strike
0-1: Fly out, F8 (Flyball, 8LD)
Batting: RHB Galtero Confalonieri 0-0: SINGLE (Groundball, 56D)
Batting: RHB Ramón Espinoza 0-0: Ball
1-0: Called Strike
1-1: Called Strike
1-2: 2-RUN HOME RUN (Flyball, 7LD), Distance : 344 ft
Batting: RHB Andrés Casillas 0-0: Ball
1-0: Called Strike
1-1: Ball
2-1: Ball
3-1: Base on Balls
Pitching: RHP Brian Gardner
Pinch Hitting: LHB Robby Bland 0-0: Ball
1-0: 2-RUN HOME RUN (Flyball, 9D), Distance : 389 ft
Batting: SHB José Acevedo 0-0: Ball
1-0: Called Strike
1-1: Swinging Strike
1-2: Ground out 6-3 (Groundball, 6)
Batting: RHB Vincente Ayala 0-0: Ball
1-0: Foul Ball, location: 2F
1-1: Ball
2-1: Swinging Strike
2-2: Strikes out swinging
Bottom of the 7th over - 4 runs, 3 hits, 0 errors, 0 left on base; Alabama 4 - Coronado 7
TOP OF THE 8TH
Alabama Shakes batting - Pitching for Coronado Eclipse : RHP Ash Coker
Now in CF: Jesús León
Batting: RHB José Icaza 0-0: Ball
1-0: Called Strike
1-1: Ball
2-1: Ball
3-1: SINGLE (Flyball, 7S)
Batting: RHB Roberto Ruíz 0-0: Called Strike
0-1: Ball
1-1: Fly out, F8 (Line Drive, 8RS)
Batting: RHB Mario Rodríguez 0-0: Ball
1-0: DOUBLE (Line Drive, 7D)
José Icaza to third
Batting: RHB Tim Oliver 0-0: Called Strike
0-1: Ball
1-1: Ball
2-1: Foul Ball, location: 2F
2-2: Foul Ball, location: 2F
2-2: Foul Ball, location: 2F
2-2: Foul Ball, location: 2F
2-2: Ball
3-2: Ground out 5-3 (Groundball, 56)
José Icaza scores
Batting: RHB Travis Alexander 0-0: SINGLE (Groundball, 56D)
Mario Rodríguez to third
Runner from 3rd tries for Home, SAFE, no throw
Pitching: LHP Ryan García
Pinch Runner at 1st Larry Glover:
Batting: LHB Edgardo Molina 0-0: Foul Ball, location: 2F
0-1: Ball
1-1: Foul Ball, location: 2F
1-2: Strikes out swinging
Top of the 8th over - 2 runs, 3 hits, 0 errors, 1 left on base; Alabama 6 - Coronado 7
BOTTOM OF THE 8TH
Coronado Eclipse batting - Pitching for Alabama Shakes : RHP Brian Gardner
Now at 3B: Larry Glover
Batting: RHB Brandon Smith 0-0: Swinging Strike
0-1: Called Strike
0-2: Ball
1-2: Ball
2-2: Fly out, F9 (Flyball, 9)
Batting: RHB Domingo Salinas 0-0: Ball
1-0: Called Strike
1-1: Called Strike
1-2: Ball
2-2: Strikes out swinging
Batting: LHB Ken Miller 0-0: Called Strike
0-1: Swinging Strike
0-2: Foul Ball, location: 2F
0-2: Foul Ball, location: 2F
0-2: Ball
1-2: Strikes out swinging
Bottom of the 8th over - 0 runs, 0 hits, 0 errors, 0 left on base; Alabama 6 - Coronado 7
TOP OF THE 9TH
Alabama Shakes batting - Pitching for Coronado Eclipse : LHP Ryan García
Pitching: RHP Valentín Rosas
Batting: RHB Andrés Aguirre 0-0: Called Strike
0-1: Ball
1-1: Foul Ball, location: 2F
1-2: Ball
2-2: Strikes out swinging
Batting: LHB Brett Anderson 0-0: Called Strike
0-1: Ball
1-1: Called Strike
1-2: Ball
2-2: Foul Ball, location: 2F
2-2: Ball
3-2: Fly out, F9 (Flyball, 89D)
Batting: RHB Darrell McCoy 0-0: Ball
1-0: Ground out 5-3 (Groundball, 5)
Top of the 9th over - 0 runs, 0 hits, 0 errors, 0 left on base; Alabama 6 - Coronado 7
Saturday, April 7th, 2018 - OOTP Baseball 18.8 Build 76